 Dungeon Crawl Stone Soup version 0.23.1 (webtiles) character file.

Game seed: 17761051501856089164

114 Borgoz the Sneak (level 4, -3/35 HPs)
             Began as a Ghoul Enchanter on Mar 3, 2019.
             Slain by Duvessa
             ... wielding a +3 short sword
              (7 damage)
             ... on level 4 of the Dungeon.
             The game lasted 00:03:01 (1510 turns).

Borgoz the Sneak (Ghoul Enchanter)                  Turns: 1510, Time: 00:03:02

Health: -3/35      AC:  5    Str: 11    XL:     4   Next: 98%
Magic:  6/6        EV: 11    Int: 15    God:
Gold:   122        SH:  0    Dex: 10    Spells: 6/7 levels left

rFire    . . .     SeeInvis .   e - +0 dagger (venom)
rCold    + . .     Gourm    .   (no shield)
rNeg     + + +     Faith    .   a - +0 ring mail
rPois    ∞         Spirit   .   (no helmet)
rElec    .         Reflect  .   (no cloak)
rCorr    .         Harm     .   (no gloves)
MR       .....                  (no boots)
Stlth    ++........             (no amulet)
HPRegen  0.00/turn              (no ring)
MPRegen  0.10/turn              (no ring)

@: brilliant, rotting
A: rotting body, claws 1, carnivore, cold resistance 1, negative energy
resistance 3, inhibited regeneration, torment resistance, unbreathing
a: no special abilities


You were on level 4 of the Dungeon.
You were not hungry.

You visited 1 branch of the dungeon, and saw 3 of its levels.

You collected 122 gold pieces.

Inventory:

Hand Weapons
 e - a +0 dagger of venom (weapon)
Armour
 a - a +0 ring mail (worn)
 b - a +0 robe
Scrolls
 g - 5 scrolls of identify {unknown}
 i - 2 scrolls of amnesia {unknown}
 l - a scroll of fear {unknown}
 m - a scroll of remove curse {unknown}
Comestibles
 d - 4 rations
 f - 6 chunks of flesh


   Skills:
 + Level 1.1 Fighting
 * Level 2.0 Short Blades
 + Level 0.9 Throwing
 + Level 1.1 Armour
 * Level 2.5 Dodging
 + Level 3.6 Stealth
 + Level 2.1 Spellcasting
 + Level 2.6 Hexes


You had 6 spell levels left.
You knew the following spells:

 Your Spells              Type           Power        Failure   Level  Hunger
a - Corona                Hex            ###....      2%          1    #......

Your spell library contained the following spells:

 Spells                   Type           Power        Failure   Level  Hunger
 Ensorcelled Hibernation  Hex/Ice        ##....       5%          2    ###....
 Confuse                  Hex            ###.....     6%          3    ###....
 Tukima's Dance           Hex            ###.....     6%          3    ###....
 Dazzling Spray           Conj/Hex       ##....       10%         3    ###....


Dungeon Overview and Level Annotations

Branches:
Dungeon (2/15)

Altars:

Annotations:
D:4 Dowan, Duvessa


Innate Abilities, Weirdness & Mutations

Your body is rotting away.
You thrive on raw meat.
You are immune to poison.
You have sharp fingernails.
You are carnivorous and can eat meat at any time.
Your flesh is cold resistant. (rC+)
You are immune to negative energy. (rN+++)
You do not regenerate when monsters are visible.
You are immune to unholy pain and torment.
You can survive without breathing.


Message History

* * * LOW HITPOINT WARNING * * *
Dowan points at you and mumbles some strange words.
The puff of flame misses you.
It was a potion of lignification.
You feel woody for a moment. Duvessa hits you but does no damage.
Duvessa hits you with a +3 short sword.
* * * LOW HITPOINT WARNING * * *
Dowan hits you but does no damage.
It was a potion of cancellation.
Your magical effects are unravelling.
You feel magically purged.
You are no longer glowing.
Duvessa gestures with her weapon.
Duvessa hits you with a +3 short sword.
* * * LOW HITPOINT WARNING * * *
Dowan gestures wildly while chanting.
Dowan blinks!
It was a potion of brilliance.
You feel clever all of a sudden. Duvessa hits you with a +3 short sword!
You die...

........#...#.....+
..#######...#..>..######
.. #...#..........#
#...+..........#
#...#..........#
#..........# #.
#..........###
#...####+#........
#....§@.e#........
#....e...'........
..........#........
..........#........
..........#........
..........#........
..........#........
###+####+##......#+
......#


You could see Duvessa and Dowan.

Vanquished Creatures
  Terence (D:2)
  Natasha (D:2)
  2 adders (D:2)
  2 dart slugs (D:1)
  2 leopard geckos (D:1)
  3 bats (D:1)
  4 goblins
  6 hobgoblins (D:1)
  3 jackals (D:2)
  5 kobolds
  2 ball pythons
  3 frilled lizards (D:1)
  7 rats
41 creatures vanquished.

Notes
Turn   | Place    | Note
-------+----------+-------------------------------------------
     0 | D:1      | Borgoz the Ghoul Enchanter began the quest for the Orb.
     0 | D:1      | Reached XP level 1. HP: 14/14 MP: 2/2
    45 | D:1      | Reached skill level 1 in Short Blades
   143 | D:1      | Reached XP level 2. HP: 20/20 MP: 3/3
   567 | D:1      | Reached XP level 3. HP: 7/27 MP: 4/4
  1063 | D:2      | Noticed Terence
  1079 | D:2      | Killed Terence
  1079 | D:2      | Reached XP level 4. HP: 22/34 MP: 4/6
  1240 | D:2      | Reached skill level 1 in Armour
  1266 | D:2      | Reached skill level 1 in Fighting
  1354 | D:2      | Noticed Natasha
  1364 | D:2      | Killed Natasha
  1460 | D:2      | You fall through a shaft for 2 floors!
  1496 | D:4      | Noticed Dowan
  1499 | D:4      | Noticed Duvessa
  1510 | D:4      | Slain by Duvessa

Skill      XL: |  1  2  3  4 |
---------------+-------------+-----
Short Blades   | 1 2 |  2.0
Dodging        | 2 |  2.5
Spellcasting   | 2 |  2.1
Armour         | 1 |  1.1
Fighting       | 1 |  1.1
Throwing       | |  0.9
Stealth        | |  3.6
Hexes          | |  2.6

Action                   |  1- 3 |  4- 6 || total
-------------------------+-------+-------++-------
Melee: Dagger            |   102 |    51 ||   153
  Use: Potion            |       |     4 ||     4
 Stab: Sleeping          |     3 |       ||     3
  Eat: Chunk             |     8 |     1 ||     9
Armor: Robe              |     2 |       ||     2
       Ring mail         |    25 |    19 ||    44
Dodge: Dodged            |    62 |    34 ||    96
